 Dungeon Crawl Stone Soup version 0.22.1-1-ga44c0e5 (webtiles) character file.

2598 Fang the Cleaver (level 9, -8/84 HPs)
             Began as a Gargoyle Berserker on Nov 9, 2018.
             Was an Elder of Trog.
             Mangled by a two-headed ogre
             ... wielding a +0 giant club
              (24 damage)
             ... on level 8 of the Dungeon.
             The game lasted 00:13:01 (7346 turns).

Fang the Cleaver (Gargoyle Berserker)               Turns: 7346, Time: 00:13:02

Health: -8/84      AC: 18    Str: 29    XL:     9   Next: 59%
Magic:  8/8        EV:  9    Int:  8    God:    Trog [****..]
Gold:   339        SH:  0    Dex:  9    Spells: 8/8 levels left

rFire    . . .     SeeInvis .   s - +4 war axe (flame)
rCold    . . .     Gourm    .   (no shield)
rNeg     + . .     Faith    .   l - +0 plate armour
rPois    ∞         Spirit   .   (helmet restricted)
rElec    +         Reflect  .   (no cloak)
rCorr    .         Harm     .   (no gloves)
MR       .....                  (no boots)
Stlth    ..........             (no amulet)
HPRegen  0.24/turn              (no ring)
MPRegen  0.11/turn              (no ring)

@: berserking, very quick
A: horns 1, talons 1, blink, low mp 1, negative energy resistance 1, electricity
resistance, unbreathing, petrification resistance, rot immunity, AC +6
a: Blink, Berserk, Trog's Hand, Brothers in Arms, Renounce Religion


You were on level 8 of the Dungeon.
You worshipped Trog.
Trog was greatly pleased with you.
You were very hungry.

You visited 1 branch of the dungeon, and saw 9 of its levels.

You collected 339 gold pieces.

Inventory:

Hand Weapons
 m - a +1 hand axe of chopping
 s - a +4 war axe of flaming (weapon)
Armour
 l - a +0 plate armour (worn)
Wands
 o - a wand of disintegration (8)
 t - a wand of enslavement (14)
Scrolls
 f - a scroll of fear
 g - 2 scrolls of remove curse
 h - a scroll of blinking
 k - 5 scrolls of teleportation
Potions
 a - a potion of berserk rage
 b - a potion of invisibility
 d - a potion of might
 e - a potion of magic
 i - 3 potions of flight
 j - 5 potions of curing
 n - 2 potions of brilliance
 p - a potion of heal wounds {unknown}
 w - a potion of haste
Comestibles
 c - 14 rations


   Skills:
 + Level 6.7 Fighting
 + Level 9.5 Axes
 + Level 4.2 Armour
 + Level 4.0 Dodging
 + Level 1.5 Stealth


You had 8 spell levels left.
You didn't know any spells.
Your spell library was empty.

Dungeon Overview and Level Annotations

Branches:
Dungeon (9/15)
 Temple: D:4-7         Lair: D:8-11         Orc: D:9-12

Altars:

Annotations:
D:3 2 transporters


Innate Abilities, Weirdness & Mutations

You are resistant to torment.
Your stone body is resilient. (AC +6)
You are immune to poison.
You resist negative energy. (rN+)
You are resistant to electric shocks. (rElec)
You can survive without breathing.
You are immune to petrification.
You are immune to rotting.
You have a pair of small horns on your head.
You have sharp toenails.
You can translocate small distances at will.
Your magical capacity is low. (-10% MP)


Message History

You barely miss the two-headed ogre.
The two-headed ogre is moderately wounded.
The two-headed ogre hits you with a giant club! x2
* * * LOW HITPOINT WARNING * * *
You are too injured to fight recklessly!
You are too injured to fight recklessly!
You are too injured to fight recklessly!
You are too injured to fight recklessly!
You are too injured to fight recklessly!
You are too injured to fight recklessly!
You are too injured to fight recklessly!
You are too injured to fight recklessly!
You are too injured to fight recklessly!
You are too injured to fight recklessly!
You are too injured to fight recklessly!
A red film seems to cover your vision as you go berserk!
You feel yourself moving faster!
You feel mighty!
You are feeling very hungry.
The two-headed ogre hits you with a giant club!!
You die...

###...... ##.......
. #..#.... ..
###.....# ...
#.(.....# ....
#.#..†(.# .....
#$..(...#
......##.......####
......O@...>........
......#....#######.#
#.####.....#
......## ........
......#!?.
...........
.##.####.....


You could see a two-headed ogre.

Vanquished Creatures
  Grinder (D:5)
  A hippogriff (D:8)
  Sigmund (D:5)
  Menkaure (D:5)
  Purgy (D:4)
  An ice beast (D:7)
  An ogre (D:4)
  A centaur (D:5)
  A black bear (D:6)
  A big kobold (D:7)
  A bullfrog (D:6)
  A gnoll sergeant (D:7)
  A scorpion (D:6)
  5 wights (D:6)
  A howler monkey (D:4)
  2 crimson imps
  A centaur zombie (D:5)
  4 hounds
  A quasit (D:6)
  3 orc priests
  3 bullfrog skeletons
  5 orc wizards
  An iguana (D:4)
  2 worker ants (D:6)
  2 hound zombies
  A hound skeleton (D:5)
  8 gnolls
  2 adders
  A howler monkey skeleton (D:4)
  A shadow imp (D:8)
  2 oozes
  An adder zombie (D:5)
  3 adder skeletons
  9 worms
  3 dart slugs (D:1)
  8 leopard geckos
  27 orcs
  4 giant cockroaches
  8 goblins
  3 hobgoblins
  9 jackals
  2 quokkas
  2 ball pythons
  4 bats
  7 frilled lizards
  11 kobolds
  11 rats
170 creatures vanquished.

Notes
Turn   | Place    | Note
-------+----------+-------------------------------------------
     0 | D:1      | Fang the Gargoyle Berserker began the quest for the Orb.
     0 | D:1      | Reached XP level 1. HP: 14/14 MP: 1/1
    65 | D:1      | Reached XP level 2. HP: 17/19 MP: 2/2
    68 | D:1      | Reached skill level 3 in Axes
   462 | D:1      | Reached XP level 3. HP: 24/24 MP: 3/3
  1528 | D:2      | Reached XP level 4. HP: 29/29 MP: 4/4
  1641 | D:2      | Reached ** piety under Trog
  2913 | D:3      | Reached XP level 5. HP: 30/34 MP: 5/5
  2914 | D:3      | Reached skill level 4 in Axes
  2979 | D:3      | Found a transporter.
  3015 | D:3      | Found a transporter.
  3170 | D:3      | Found a faded altar of an unknown god.
  3507 | D:4      | Noticed an ogre
  3513 | D:4      | Killed an ogre
  3747 | D:4      | Reached XP level 6. HP: 33/39 MP: 6/6
  3825 | D:4      | Reached skill level 5 in Axes
  4038 | D:4      | Reached *** piety under Trog
  4044 | D:4      | Noticed Purgy
  4056 | D:4      | Killed Purgy
  4056 | D:4      | Reached skill level 5 in Fighting
  4056 | D:4      | Reached skill level 1 in Stealth
  4056 | D:4      | Reached XP level 7. HP: 5/44 MP: 7/7
  4546 | D:4      | Reached skill level 6 in Axes
  4738 | D:5      | Entered Level 5 of the Dungeon
  4738 | D:5      | Noticed Grinder
  4889 | D:5      | Paralysed by Grinder for 6 turns
  4902 | D:5      | Paralysed by Grinder for 5 turns
  4912 | D:5      | Killed Grinder
  4912 | D:5      | Reached XP level 8. HP: 33/49 MP: 8/8
  5095 | D:5      | Noticed Sigmund
  5106 | D:5      | Killed Sigmund
  5106 | D:5      | Reached skill level 7 in Axes
  5309 | D:5      | Noticed Menkaure
  5322 | D:5      | Killed Menkaure
  6322 | D:6      | Received a gift from Trog
  6327 | D:6      | Reached skill level 8 in Axes
  6459 | D:6      | Gained mutation: Armour fits poorly on your strangely
                  | shaped body. [potion of mutation]
  6459 | D:6      | Gained mutation: Your magical capacity is low. (-10% MP)
                  | [potion of mutation]
  6459 | D:6      | Gained mutation: You are occasionally teleported next to
                  | monsters. [potion of mutation]
  6459 | D:6      | Gained mutation: You evolve. [potion of mutation]
  6460 | D:6      | Lost mutation: You evolve. [potion of mutation]
  6460 | D:6      | Lost mutation: Your magical capacity is low. (-10% MP)
                  | [potion of mutation]
  6460 | D:6      | Lost mutation: Armour fits poorly on your strangely shaped
                  | body. [potion of mutation]
  6460 | D:6      | Gained mutation: You have sharp toenails. [potion of
                  | mutation]
  6460 | D:6      | Gained mutation: You are somewhat resistant to further
                  | mutation. [potion of mutation]
  6461 | D:6      | Lost mutation: You are somewhat resistant to further
                  | mutation. [potion of mutation]
  6461 | D:6      | Lost mutation: You are occasionally teleported next to
                  | monsters. [potion of mutation]
  6461 | D:6      | Gained mutation: You have a pair of small horns on your
                  | head. [potion of mutation]
  6461 | D:6      | Gained mutation: Your magical capacity is low. (-10% MP)
                  | [potion of mutation]
  6461 | D:6      | Gained mutation: You can translocate small distances at
                  | will. [potion of mutation]
  6595 | D:6      | Reached XP level 9. HP: 50/55 MP: 8/8
  6845 | D:6      | Reached **** piety under Trog
  6875 | D:6      | Reached skill level 9 in Axes
  7277 | D:7      | You fall through a shaft for 2 floors!
  7314 | D:9      | Noticed a two-headed ogre
  7337 | D:8      | Noticed a two-headed ogre
  7346 | D:8      | Mangled by a two-headed ogre

Skill      XL: |  1  2  3  4  5  6  7  8  9 |
---------------+----------------------------+-----
Axes           | 3 4 5 6 8 9 |  9.5
Fighting       | 4 5 6 |  6.7
Dodging        | 2 3 4 |  4.0
Stealth        | 1 |  1.5
Armour         | 3 4 |  4.2

Action                   |  1- 3 |  4- 6 |  7- 9 || total
-------------------------+-------+-------+-------++-------
Melee: Hand axe          |   121 |   116 |       ||   237
       War axe           |       |   106 |   247 ||   353
       Kick              |       |       |    27 ||    27
       Headbutt          |       |       |    11 ||    11
Invok: Berserk           |     2 |     2 |     3 ||     7
  Use: Scroll            |       |       |    23 ||    23
       Potion            |       |       |     3 ||     3
 Stab: Sleeping          |     1 |       |       ||     1
  Eat: Chunk             |     3 |    10 |    10 ||    23
       Ration            |       |       |     1 ||     1
Armor: Animal skin       |    23 |    47 |       ||    70
       Leather armour    |       |    34 |    92 ||   126
       Plate armour      |       |       |    67 ||    67
Dodge: Dodged            |    72 |   162 |   199 ||   433
